 Dungeon Crawl Stone Soup version 0.25.1-2-g60ff931df9 (webtiles) character file.

Game seed: 6468746487773624112

2023 soggyman666 the Cleaver (level 9, -8/79 HPs)
             Began as a Minotaur Berserker on Oct 29, 2020.
             Was an Elder of Trog.
             Mangled by a killer bee (9 damage)
             ... on level 7 of the Dungeon.
             The game lasted 00:36:59 (7181 turns).

soggyman666 the Cleaver (Minotaur Berserker)        Turns: 7181, Time: 00:37:00

Health: -8/79      AC:  4    Str: 27    XL:     9   Next: 3%
Magic:  10/10      EV: 14    Int:  4    God:    Trog [****..]
Gold:   233        SH:  0    Dex: 14    Spells: 8/8 levels left

rFire    . . .     SeeInvis .   w - +3 hand axe (vorpal)
rCold    . . .     Gourm    .   (no shield)
rNeg     + . .     Faith    .   q - +0 leather armour of the Orb {-Cast +Blink +Inv rN+}
rPois    .         Spirit   .   (helmet restricted)
rElec    .         Reflect  .   (no cloak)
rCorr    .         Harm     .   (no gloves)
MR       +++..     NoCast   +   p - +0 pair of boots
Stlth    ++........             (no amulet)
HPRegen  1.23/turn              g - ring of protection from magic
MPRegen  0.12/turn              b - +6 ring of strength

@: lethally poisoned (-8 -> -8), regenerating (expiring)
A: retaliatory headbutt, horns 2
a: Berserk, Trog's Hand, Brothers in Arms, Renounce Religion, Evoke Blink, Evoke
Invisibility


You were on level 7 of the Dungeon.
You worshipped Trog.
Trog was greatly pleased with you.
You were not hungry.

You visited 1 branch of the dungeon, and saw 7 of its levels.

You collected 233 gold pieces.

Inventory:

Hand Weapons
 w - a +3 vorpal hand axe (weapon)
Armour
 p - a +0 pair of boots (worn)
 q - the +0 leather armour of the Orb (worn) {-Cast +Blink +Inv rN+}
   (You found it on level 5 of the Dungeon)

   It protects you from negative energy.
   It lets you turn invisible.
   It lets you blink.
   It prevents spellcasting.
Jewellery
 b - a +6 ring of strength (right hand)
 g - a ring of protection from magic (left hand)
Wands
 m - a wand of clouds (5)
 n - a wand of iceblast (8)
 s - a wand of random effects (25)
Scrolls
 e - a scroll of enchant armour
 f - 3 scrolls of remove curse
 k - 3 scrolls of blinking
 r - 2 scrolls of identify
Potions
 d - a potion of haste
 h - 3 potions of curing
 j - a potion of cancellation
 l - a potion of stabbing
 o - a potion of heal wounds
 t - a potion of brilliance {unknown}
Comestibles
 c - 8 rations
 u - 10 chunks of flesh


   Skills:
 + Level 7.4 Fighting
 + Level 8.9 Axes
 + Level 4.4 Armour
 + Level 5.1 Dodging
 * Level 3.9 Stealth
 * Level 3.2 Evocations


You had 8 spell levels left.
You didn't know any spells.
Your spell library contained the following spells:

 Spells                   Type           Power        Failure   Level  Hunger
 Animate Skeleton         Necr           N/A          54%         1    ##.....
 Pain                     Necr           #...         54%         1    ##.....
 Vampiric Draining        Necr           #.........   88%         3    ####...
 Animate Dead             Necr           N/A          99%         4    #####..
 Agony                    Necr           #.......     100%        5    ######.


Dungeon Overview and Level Annotations

Branches:
Dungeon (7/15)
 Temple: D:4-7

Altars:
Ashenzari
Dithmenos
Kikubaaqudgha
Nemelex Xobeh
Zin

Shops:
D:5 *   D:6 =


Innate Abilities, Weirdness & Mutations

You reflexively headbutt those who attack you in melee.
You have a pair of horns on your head.


Message History

The killer bee barely misses you. You furiously retaliate!
You headbutt the killer bee. The orc warrior misses you.
You hear a shout! x2
You feel the effects of Trog's Hand fading.
The killer bee stings you!
* * * LOW HITPOINT WARNING * * *
You barely miss the killer bee.
The killer bee is severely wounded.
You feel sick. The killer bee stings you.
* * * LOW HITPOINT WARNING * * *
You are more poisoned.
The killer bee poisons you!
An orc comes into view. It is wielding a +0 dagger.
Unknown command.
Unknown command.
You hit the killer bee.
You kill the killer bee!
Trog accepts your kill.
You feel sick. The killer bee stings you!
You die...

##################
#........÷.>......
#..##.##.########.
####..##.##÷########.#
......................
.###..##.##.##.#####.###.
.........##.....@yoo.....
..##.........#.####h..#..
..##.###.#####.# .....
..##.# .# #.# .#o. ..##..
# #<# # . ))#### ...
)...# ### .##.# .# .#


You could see an orc warrior, a killer bee, 2 orcs and a jackal.

Vanquished Creatures
  The ghost of Camoybot the Skirmisher, an amateur DsAK of Lugonu (D:3)
  Edmund (D:6)
  Duvessa (D:6)
  A sky beast (D:6)
  A black bear (D:5)
  An ice beast (D:5)
  An ogre (D:7)
  Blork the orc (D:6)
  A bullfrog (D:6)
  Dowan (D:6)
  3 killer bees (D:7)
  A scorpion (D:5)
  5 wights (D:7)
  A howler monkey (D:5)
  A crimson imp (D:5)
  2 hounds (D:7)
  Crazy Yiuf (D:4)
  2 orc wizards
  Jessica (D:2)
  3 iguanas
  4 worker ants
  Natasha (thrice) (D:2)
  Robin (D:2)
  7 adders
  A shadow imp (D:5)
  5 oozes
  5 worms
  3 dart slugs
  6 leopard geckos
  16 orcs
  8 bats
  6 giant cockroaches
  24 goblins
  8 hobgoblins
  7 jackals
  11 kobolds
  A quokka (D:5)
  11 frilled lizards
  7 rats
164 creatures vanquished.

Notes
Turn   | Place    | Note
-------+----------+-------------------------------------------
     0 | D:1      | soggyman666 the Minotaur Berserker began the quest for the
                  | Orb.
     0 | D:1      | Reached XP level 1. HP: 19/19 MP: 0/0
    39 | D:1      | Reached skill level 4 in Axes
    39 | D:1      | Reached XP level 2. HP: 16/27 MP: 1/1
   405 | D:1      | Reached XP level 3. HP: 31/33 MP: 2/2
   729 | D:2      | Reached ** piety under Trog
   989 | D:2      | Reached XP level 4. HP: 33/41 MP: 3/3
  1169 | D:2      | Noticed Natasha
  1173 | D:2      | Killed Natasha
  1535 | D:2      | Reached skill level 5 in Axes
  1564 | D:2      | Noticed Natasha
  1570 | D:2      | Killed Natasha
  1766 | D:2      | Reached skill level 5 in Fighting
  1783 | D:2      | Reached XP level 5. HP: 48/48 MP: 4/4
  1784 | D:2      | Noticed Robin
  1798 | D:2      | Killed Robin
  1954 | D:2      | Noticed Natasha
  1999 | D:2      | Noticed Jessica
  2007 | D:2      | Killed Natasha
  2014 | D:2      | Killed Jessica
  2014 | D:2      | Reached *** piety under Trog
  2538 | D:3      | Found a runed translucent gate.
  2538 | D:3      | Found a runed translucent gate.
  2538 | D:3      | Found a runed translucent gate.
  2543 | D:3      | Noticed Camoybot's ghost (amateur DsAK)
  2595 | D:3      | Reached skill level 6 in Axes
  2599 | D:3      | Reached XP level 6. HP: 38/56 MP: 5/5
  2804 | D:3      | Found a shattered altar of Ashenzari.
  3322 | D:3      | Found a shadowy altar of Dithmenos.
  3381 | D:4      | Found a sparkling altar of Nemelex Xobeh.
  3661 | D:4      | Found a runed translucent door.
  3662 | D:4      | Noticed Crazy Yiuf
  3716 | D:4      | Found an ancient bone altar of Kikubaaqudgha.
  4028 | D:4      | Killed Crazy Yiuf
  4142 | D:3      | Killed Camoybot's ghost
  4142 | D:3      | Reached skill level 1 in Stealth
  4142 | D:3      | Reached XP level 7. HP: 29/63 MP: 6/6
  4177 | D:5      | Entered Level 5 of the Dungeon
  4181 | D:5      | Reached skill level 7 in Axes
  4549 | D:5      | Reached **** piety under Trog
  4552 | D:5      | Got a faintly humming leather armour
  4563 | D:5      | Identified the cursed +0 leather armour of the Orb {-Cast
                  | +Blink +Inv rN+} (You found it on level 5 of the Dungeon)
  5075 | D:5      | Found Zin's Purification Station.
  5080 | D:5      | Found a glowing silver altar of Zin.
  5101 | D:5      | Reached skill level 1 in Evocations
  5879 | D:6      | Noticed Edmund
  5892 | D:6      | Killed Edmund
  5892 | D:6      | Reached XP level 8. HP: 30/71 MP: 8/8
  6039 | D:6      | Found Gixumeja's Jewellery Shoppe.
  6060 | D:6      | Noticed Dowan
  6063 | D:6      | Noticed Duvessa
  6066 | D:6      | Reached skill level 8 in Axes
  6069 | D:6      | Killed Duvessa
  6072 | D:6      | Killed Dowan
  6191 | D:6      | Noticed Blork the orc
  6203 | D:6      | Killed Blork the orc
  6943 | D:7      | Reached skill level 5 in Dodging
  7176 | D:7      | Reached XP level 9. HP: 27/79 MP: 10/10
  7180 | D:7      | HP: 1/79 [killer bee (4)]
  7181 | D:7      | Mangled by a killer bee

Illustrated notes

Levels and vault maps discovered:
D:1:      dpeg_arrival_rooms_b, layout_rooms
D:2:      layout_loops_corners, grunt_decor_cap, uniq_robin, uniq_jessica,
          uniq_natasha
D:3:      layout_basic, old_standard_altar, grunt_dithmenos_smoke,
          ebering_ghost_rock_garden, first_ration, minmay_misc_feat_enclosed
D:4:      layout_gridville, lemuel_round_altar, kennysheep_little_box,
          chequers_serial_rivers_marsh, uniq_crazy_yiuf_cottage
D:5:      layout_loops_corners, zin_purify
D:6:      layout_basic, serial_shops, nicolae_shop_trees, uniq_blork_the_orc,
          uniq_duvessa, uniq_edmund
D:7:      layout_loops_ring, lemuel_round_altar, marbit_many_paths,
          temple_doors_e, grunt_livestock

Skill      XL: |  1  2  3  4  5  6  7  8 |
---------------+-------------------------+-----
Axes           | 4 5 6 7 8 |  8.9
Fighting       | 4 5 6 7 |  7.4
Dodging        | 3 4 5 |  5.1
Armour         | 3 4 |  4.4
Stealth        | 1 3 |  3.9
Evocations     | 1 3 |  3.2

Action                   |  1- 3 |  4- 6 |  7- 9 || total
-------------------------+-------+-------+-------++-------
Melee: Hand axe          |    63 |   197 |   163 ||   423
       Headbutt          |    12 |    35 |    37 ||    84
Invok: Trog's Hand       |       |     1 |     3 ||     4
       Berserk           |       |       |     1 ||     1
  Use: Scroll            |     3 |     7 |     5 ||    15
 Stab: Sleeping          |       |     1 |     5 ||     6
  Eat: Chunk             |       |    10 |     9 ||    19
       Ration            |       |       |     1 ||     1
Armor: Animal skin       |     6 |    20 |       ||    26
       Leather armour    |       |     7 |    17 ||    24
Dodge: Dodged            |    54 |   118 |    99 ||   271
